[Event "Team 45 45 League T67"]
[Site "Internet Chess Club"]
[Date "2015.12.17"]
[Round "3"]
[White "leopardc"]
[Black "Gojira"]
[Result "1-0"]
[WhiteElo "1679"]
[BlackElo "1689"]
[Opening "Sicilian: closed"]
[ECO "B25"]
[Time "21:00:12"]
[TimeControl "2700+45"]

1. e4 c5 2. Nc3 Nc6 3. g3 g6 4. Bg2 Bg7 5. d3 d6 6. Nge2 e6 7. O-O Nge7 8. Be3
O-O 9. Rb1 Rb8 10. d4 cxd4 11. Nxd4 a6 12. f4 f5 13. Nde2 fxe4 14. Nxe4 d5 15.
Ng5 Nf5 16. Bc5 Re8 17. c3 Qa5 18. Bf2 Qxa2 19. g4 Nfe7 20. Bg3 h6 21. Nf3 Ra8
22. Ne5 Nxe5 23. fxe5 Qc4 24. Nd4 Nc6 25. Nxc6 Qxc6 26. Qd4 b5 27. Rf2 Bf8 28.
b4 Qc4 29. Qe3 Bg7 30. Rbf1 Bb7 31. Rf7 Qc8 32. Qb6 Rb8 33. Rc7 Qd8 34. Rff7 Bf8
35. Qf2 Be7 36. Qf6 Bxf6 37. exf6 Qxc7 38. Rxc7 Rbc8 39. f7+ Kf8 40. fxe8=Q+
{Black resigns} 1-0

[Event "Team 45 45 League T67"]
[Site "Internet Chess Club"]
[Date "2015.12.24"]
[Round "3"]
[White "mejker"]
[Black "alexping"]
[Result "1/2-1/2"]
[WhiteElo "1898"]
[BlackElo "1950"]
[Opening "Queen's pawn: London system"]
[ECO "A45"]
[Time "09:12:32"]
[TimeControl "2700+45"]

1. d4 Nf6 2. Bf4 c5 3. e3 e6 4. Nf3 d5 5. Nbd2 Nc6 6. c3 Bd6 7. Ne5 O-O 8. Bg3
Be7 9. Ndf3 Bd7 10. Bd3 a6 11. a4 c4 12. Bc2 b5 13. axb5 axb5 14. O-O Rxa1 15.
Qxa1 Nh5 16. Nxc6 Bxc6 17. Ne5 Qb6 18. b4 cxb3 19. Bxb3 Nxg3 20. hxg3 Rc8 21.
Rc1 Bd6 22. Nd3 Ra8 23. Qb1 Qa5 24. Ne5 Be8 25. e4 Bxe5 26. dxe5 dxe4 27. Qxe4
Rc8 28. c4 Qa3 29. Rb1 bxc4 30. Bxc4 Qa4 31. Bd3 Qxe4 32. Bxe4 {Game drawn by
mutual agreement} 1/2-1/2

[Event "Team 45 45 League T67"]
[Site "Internet Chess Club"]
[Date "2015.12.19"]
[Round "3"]
[White "bobhill"]
[Black "CaptK"]
[Result "1-0"]
[WhiteElo "1958"]
[BlackElo "1859"]
[Opening "King's Indian: Torre attack"]
[ECO "A48"]
[Time "09:00:19"]
[TimeControl "2700+45"]

1. d4 Nf6 2. Nf3 g6 3. Bg5 Bg7 4. Nbd2 d6 5. e4 O-O 6. c3 Nbd7 7. Bd3 c5 8. d5
h6 9. Bh4 e6 10. dxe6 fxe6 11. e5 Nxe5 12. Nxe5 dxe5 13. Bxg6 Qd5 14. O-O Bd7
15. c4 Qc6 16. Qe2 Qc7 17. Bg3 Ne8 18. Nf3 Nd6 19. Nxe5 Be8 20. Bc2 Qb6 21. Rad1
Nf5 22. Bxf5 exf5 23. Nd7 Bxd7 24. Rxd7 Rae8 25. Qd2 Bxb2 26. Qd5+ Qe6 27. Qxb7
Bf6 28. Qd5 Qxd5 29. Rxd5 Bd4 30. Bd6 Rf6 31. Bxc5 Bxc5 32. Rxc5 Re2 33. Ra5 Rc6
34. Rd1 Rxc4 35. Rxa7 Rd4 36. Rf1 Rdd2 37. a4 Ra2 38. g3 Reb2 39. Rc1 Rc2 40.
Rb1 Rcb2 41. Rxb2 Rxb2 42. a5 Ra2 43. Kg2 Kh8 44. Kf3 Ra4 45. a6 Kg8 46. Ke3 Kh8
47. Kd3 h5 48. Kc3 h4 49. Kb3 hxg3 50. hxg3 Ra1 51. Kc4 Ra2 52. Kd5 Ra5+ 53. Ke6
Kg8 54. Kf6 Ra2 55. f3 Ra3 56. g4 fxg4 57. fxg4 Ra1 58. g5 Rf1+ 59. Kg6 Kf8 60.
Rb7 Ra1 61. a7 Ra6+ 62. Kh5 Ra1 63. Rb8+ Kf7 64. a8=Q Rxa8 65. Rxa8 {Black
resigns} 1-0

[Event "Team 45 45 League T67"]
[Site "Internet Chess Club"]
[Date "2015.12.19"]
[Round "3"]
[White "JefferyChess"]
[Black "kanishka"]
[Result "1-0"]
[WhiteElo "1901"]
[BlackElo "1692"]
[Opening "Philidor: Improved Hanham variation"]
[ECO "B07"]
[Time "13:02:23"]
[TimeControl "2700+45"]

1. e4 d6 2. d4 Nf6 3. Nc3 Nbd7 4. Nf3 e5 5. Bc4 Be7 6. Ng5 d5 7. Nxd5 Nxd5 8.
Bxd5 Bxg5 9. Qh5 O-O 10. Bxg5 Nf6 11. Bxf6 Qxf6 12. Qxe5 Qb6 13. O-O-O a5 14. h4
a4 15. h5 Ra5 16. h6 {Black resigns} 1-0

[Event "Team 45 45 League T67"]
[Site "Internet Chess Club"]
[Date "2015.12.21"]
[Round "3"]
[White "Beetlejuice"]
[Black "pokerram"]
[Result "1-0"]
[WhiteElo "1780"]
[BlackElo "1634"]
[Opening "King's Indian defense"]
[ECO "E60"]
[Time "14:00:26"]
[TimeControl "2700+45"]

1. d4 Nf6 2. c4 g6 3. f3 c5 4. d5 d6 5. Nc3 Bg7 6. e4 O-O 7. Be3 e6 8. Nge2 exd5
9. cxd5 Re8 10. Qd2 h6 11. Bxh6 Nxe4 12. Nxe4 Rxe4 13. Bxg7 Rxe2+ 14. Bxe2 Kxg7
15. O-O Nd7 16. Rae1 a6 17. a4 Rb8 18. f4 Nf6 19. g3 Bh3 20. Rf3 b5 21. axb5
axb5 22. Kh1 Qb6 23. f5 Ne4 24. Qf4 Bxf5 25. g4 Qa5 26. Rd1 Re8 27. gxf5 Ng3+
28. hxg3 Rxe2 29. fxg6 Qd8 30. Qxf7+ Kh6 31. Qh7+ Kg5 32. Qh4+ {Black resigns}
1-0